 Dungeon Sprint DCSS version 0.28.0-53-g5a82cb258f (webtiles) character file.

Game seed: 7184189315115883526

1211 Zeld the Transmogrifier (level 8, -7/93 HPs)
             Began as a Grey Draconian Transmuter on June 5, 2022.
             Was an Initiate of Gozag.
             Succumbed to Sonja's poison
             ... in the Dungeon (Sprint I: "Red Sonja").
             The game lasted 00:02:12 (2407 turns).

Zeld the Transmogrifier (Grey Draconian Transmuter) Turns: 2407, Time: 00:02:13

Health: -7/93      AC:  8    Str: 15    XL:     8   Next: 22%
Magic:  20/22      EV: 10    Int: 14    God:    Gozag
Gold:   507        SH:  0    Dex: 11    Spells: 17/27 levels left

rFire   x . .      SeeInvis .     - Unarmed
rCold   + + +      Faith    .   (shield currently unavailable)
rNeg    . . .      Spirit   .   (armour unavailable)
rPois   +          Reflect  .   (helmet currently unavailable)
rElec   .          Harm     .   (cloak currently unavailable)
rCorr   .          Rampage  .   (gloves currently unavailable)
Will    .....      NoTele   +   (boots currently unavailable)
Stlth   +.........              (no amulet)
HPRegen 0.25/turn               (no ring)
MPRegen 0.18/turn               (no ring)

@: lethally poisoned (-7 -> -33), ice-form, slowed, very slow
A: freezing attack, boosted hp, AC +11, amphibious, large, unfitting armour,
(cold-blooded)
a: End Transformation, Renounce Religion, Potion Petition, Call Merchant, Bribe
Branch


You were in the Dungeon.
You worshipped Gozag.
Gozag was pleased with you.
You were a creature of crystalline ice.
You visited 1 branch You collected 611 gold pieces.
You spent 104 gold pieces at shops.

Inventory:

Scrolls
 e - a scroll of fog {unknown}
 g - 2 scrolls of immolation {unknown}
 h - a scroll of identify {unknown}
 i - a scroll of summoning {unknown}
 j - a scroll of enchant weapon {unknown}
Potions
 c - a potion of haste
 d - a potion of magic


   Skills:
 + Level 9.4 Fighting
 - Level 1.7 Dodging
 - Level 3.0 Unarmed Combat
 * Level 10.4 Spellcasting
 * Level 11.4 Transmutations
 - Level 2.0 Ice Magic
 - Level 2.0 Poison Magic


You had 17 spell levels left.
You knew the following spells:

 Your Spells              Type           Power      Damage    Failure   Level
a - Beastly Appendage     Tmut           78%        N/A       1%          1
b - Wereblood             Tmut           39%        N/A       1%          2
c - Spider Form           Tmut/Pois      26%        N/A       1%          3
d - Ice Form              Ice/Tmut       26%        N/A       6%          4

Your spell library contained the following spells:

 Spells                   Type           Power      Damage    Failure   Level


Dungeon Overview and Level Annotations

Branches:
Dungeon (1/1)

Altars:
Cheibriados
Dithmenos
Elyvilon
Fedhas
Gozag
Hepliaklqana
Kikubaaqudgha
Makhleb
Nemelex Xobeh
Okawaru
Qazlal
Ru
Sif Muna
Trog
Uskayaw
Vehumet
Wu Jian
Xom
Yredelemnul
Zin
The Shining One
Jiyva
Lugonu

Shops:
D *

Annotations:
D Sonja


Innate Abilities, Weirdness & Mutations

You are a creature of crystalline ice.
You have a powerful freezing melee attack.
Your maximum health is increased.
Your armour is entirely melded.
You are incapable of wielding weapons or throwing items.
((Your dull iron-grey scales are very hard. (AC +11)))
You are amphibious.
You cannot fit into any form of body armour.
((You are cold-blooded and may be slowed by cold attacks.))


Message History

Sonja blinks!
Sonja throws a curare-tipped dart.
The curare-tipped dart misses you.
You close the door.
You start resting.
Sonja, the Graceful Assassin opens the door.
She is wielding a +0 short sword of venom and quivering curare-tipped darts.
Sonja says, "I'm academy-trained, you know."
Sonja throws a curare-tipped dart.
The curare-tipped dart hits you.
Sonja is nearby!
Sonja hits you with a +0 short sword of venom. x2
* * * LOW HITPOINT WARNING * * *
Sonja hits you but does no damage.
Sonja gestures wildly while chanting.
Sonja blinks!
There is an open door, spattered with blood here.
Sonja throws a curare-tipped dart.
The curare-tipped dart hits you.
You are poisoned.
You have difficulty breathing.
* * * LOW HITPOINT WARNING * * *
You feel as though you will be slow longer.
You feel very sick. Sonja closely misses you.
Sonja hits you with a +0 short sword of venom.
* * * LOW HITPOINT WARNING * * *
Sonja hits you but does no damage.
You closely miss Sonja.
Sonja is severely wounded.
* * * LOW HITPOINT WARNING * * *
You feel very sick.
Sonja hits you with a +0 short sword of venom.
* * * LOW HITPOINT WARNING * * *
Sonja hits you but does no damage. x2
You are more poisoned.
Sonja closely misses you. Sonja hits you but does no damage. x2
You are more poisoned.
Okay, then.
Okay, then.
You barely miss Sonja.
Sonja is severely wounded.
You die...
Your body crumbles into a pile of gold.

##########################
#<.#.)'..#.)'..#__#..')..#
#..)..#..'..#..'..'..#)..#
#..#####'#####'#__####...+
#..####..#...#.#### #####
#..#__####..##.# $$
#..#_____##'#_.+
#⌠⌠#_.∩...'.K._# $$
####_..__##_Y#'#
$$#_____###'#.# $
#########.### $ +$.$+$$ $$
#$.$# $ ##.## $ $#+#$ $ $
$ $ $ $$$


You could see Sonja.

Vanquished Creatures
  2 kobold demonologists (D)
  A slime creature (D)
  Sigmund (D)
  A yak (D)
  A floating eye (D)
  An ogre (D)
  A jelly (D)
  Ijyb (D)
9 creatures vanquished.

Notes
Turn   | Place    | Note
-------+----------+-------------------------------------------
     0 | D        | Zeld the Draconian Transmuter began the quest for the Orb.
     0 | D        | Reached XP level 1. HP: 16/16 MP: 3/3
     4 | D        | Noticed Ijyb
    12 | D        | Killed Ijyb
    13 | D        | Reached skill level 3 in Transmutations
    13 | D        | Reached XP level 2. HP: 25/25 MP: 4/6
   337 | D        | Noticed an ogre
   343 | D        | Killed an ogre
   344 | D        | Reached skill level 5 in Fighting
   344 | D        | Reached skill level 5 in Transmutations
   344 | D        | Reached XP level 3. HP: 16/36 MP: 6/9
   344 | D        | Reached XP level 4. HP: 19/42 MP: 6/10
   347 | D        | Learned a level 2 spell: Wereblood
   351 | D        | Learned a level 3 spell: Spider Form
   356 | D        | Learned a level 4 spell: Ice Form
   899 | D        | Noticed Sigmund
   907 | D        | Killed Sigmund
   908 | D        | Reached skill level 7 in Transmutations
   908 | D        | Reached XP level 5. HP: 51/51 MP: 9/14
  1058 | D        | Found an ornate altar of the Wu Jian Council.
  1058 | D        | Found a shimmering blue altar of Sif Muna.
  1061 | D        | Found a radiant altar of Vehumet.
  1066 | D        | Reached XP level 6. HP: 54/58 MP: 11/16
  1080 | D        | Found Oggiat's Assorted Antiques.
  1080 | D        | Found an ancient bone altar of Kikubaaqudgha.
  1080 | D        | Found a hazy altar of Hepliaklqana.
  1080 | D        | Found a stormy altar of Qazlal.
  1080 | D        | Found a hide-covered altar of Uskayaw.
  1080 | D        | Found a blossoming altar of Fedhas.
  1080 | D        | Found a bloodstained altar of Trog.
  1080 | D        | Found an iron altar of Okawaru.
  1080 | D        | Found a basalt altar of Yredelemnul.
  1080 | D        | Found a glowing golden altar of the Shining One.
  1080 | D        | Found a snail-covered altar of Cheibriados.
  1080 | D        | Found a sacrificial altar of Ru.
  1080 | D        | Found a glowing silver altar of Zin.
  1080 | D        | Found a shadowy altar of Dithmenos.
  1080 | D        | Found a white marble altar of Elyvilon.
  1080 | D        | Noticed a yak
  1086 | D        | Killed a yak
  1087 | D        | Reached skill level 9 in Transmutations
  1087 | D        | Found an opulent altar of Gozag.
  1088 | D        | Found a sparkling altar of Nemelex Xobeh.
  1096 | D        | Became a worshipper of Gozag Ym Sagoz the Greedy
  1100 | D        | Bought a scroll labelled ROIMEO OFANEUS for 26 gold pieces
  1100 | D        | Bought a scroll labelled BAHACAAREA for 26 gold pieces
  1100 | D        | Bought a scroll labelled ROIMEO OFANEUS for 26 gold pieces
  1100 | D        | Bought a scroll labelled RERABY UVVAQU for 26 gold pieces
  1342 | D        | Found a viscous altar of Jiyva.
  1342 | D        | Found a corrupted altar of Lugonu.
  1342 | D        | Noticed a slime creature
  1343 | D        | Found a burning altar of Makhleb.
  1343 | D        | Found a shimmering altar of Xom.
  1691 | D        | Killed a slime creature
  1692 | D        | Your scales start taking on a dull iron-grey colour.
  1692 | D        | Reached XP level 7. HP: 58/68 MP: 15/19
  1986 | D        | Noticed a kobold demonologist
  1987 | D        | Noticed a kobold demonologist
  1987 | D        | Paralysed by a floating eye for 4 turns
  1988 | D        | Noticed a red devil
  1999 | D        | Noticed a chaos spawn
  1999 | D        | Killed a kobold demonologist
  1999 | D        | Paralysed by a floating eye for 4 turns
  2000 | D        | Reached skill level 10 in Transmutations
  2009 | D        | Noticed an orange demon
  2018 | D        | Killed a kobold demonologist
  2019 | D        | Reached skill level 10 in Spellcasting
  2019 | D        | Reached skill level 11 in Transmutations
  2019 | D        | Reached XP level 8. HP: 14/78 MP: 22/22
  2384 | D        | Noticed Sonja
  2406 | D        | HP: 1/93 [Sonja/+0 short sword of venom (6)]
  2407 | D        | Succumbed to Sonja's poison

Illustrated notes

Levels and vault maps discovered:
D:        dungeon_sprint_1 [red_sonja_temple_1, red_sonja_temple_small_1]

Skill      XL: |  1  2  3  4  5  6  7 |
---------------+----------------------+-----
Fighting       | 2 5 6 8 9 |  9.4
Spellcasting   | 3 4 6 7 8 10 | 10.4
Transmutations | 3 5 7 9 11 | 11.4
Ice Magic      | 2 |  2.0
Poison Magic   | 2 |  2.0
Dodging        | |  1.7
Unarmed Combat | |  3.0

Action                   |  1- 3 |  4- 6 |  7- 9 || total
-------------------------+-------+-------+-------++-------
Melee: Unarmed           |     5 |    23 |    31 ||    59
       Tailslap          |     1 |     1 |       ||     2
       Kick              |     1 |       |       ||     1
       Headbutt          |     1 |       |       ||     1
 Cast: Beastly Appendage |     4 |       |       ||     4
       Spider Form       |       |     1 |       ||     1
       Ice Form          |       |     2 |     3 ||     5
Evoke: Wand              |     4 |       |       ||     4
  Use: Potion            |     2 |       |     2 ||     4
       Scroll            |       |     1 |       ||     1
Armor: Skin              |     1 |     1 |    23 ||    25
Dodge: Dodged            |     4 |    11 |    27 ||    42
